 Dungeon Crawl Stone Soup version 0.28.0-47-ge53b351184 (webtiles) character file.

Game seed: 6252349144001887335

1607 pkoi the Charlatan (level 8, 0/63 HPs)
             Began as a Demigod Artificer on May 2, 2022.
             Succumbed to a water moccasin's poison
             ... on level 5 of the Dungeon.
             The game lasted 00:18:55 (13161 turns).

pkoi the Charlatan (Demigod Artificer)             Turns: 13161, Time: 00:18:55

Health: 0/63       AC:  5    Str: 13    XL:     8   Next: 36%
Magic:  15/15      EV: 11    Int: 27    God:
Gold:   260        SH:  0    Dex: 14    Spells: 10/12 levels left

rFire   . . .      SeeInvis .   s - +0 short sword
rCold   . . .      Faith    .   (no shield)
rNeg    . . .      Spirit   .   b - +0 leather armour
rPois   .          Reflect  .   v - +0 helmet
rElec   .          Harm     .   m - +0 cloak
rCorr   .          Rampage  .   (no gloves)
Will    +....                   (no boots)
Stlth   ++........              (no amulet)
HPRegen 0.20/turn               p - +6 ring of intelligence
MPRegen 0.14/turn               g - ring of willpower

@: lethally poisoned (0 -> -14), studying Short Blades
A: high MP 1, forlorn, divine attributes
a: no special abilities


You were on level 5 of the Dungeon.
You visited 1 branch of the dungeon, and saw 6 of its levels.

You collected 260 gold pieces.

Inventory:

Hand Weapons
 a - a +0 club
 f - a +0 whip
 s - a +0 short sword (weapon)
Missiles
 h - 5 javelins
 j - a boomerang
 r - 8 poisoned darts (quivered)
 x - 4 curare-tipped darts
Armour
 b - a +0 leather armour (worn)
 k - a +0 ring mail
 l - a +0 robe
 m - a +0 cloak (worn)
 o - a +0 chain mail
 v - a +0 helmet (worn)
Jewellery
 g - a ring of willpower (right hand)
 p - a +6 ring of intelligence (left hand)
 w - a ring of resist corrosion
Wands
 c - a wand of flame (1)
 d - a wand of charming (4)
 q - a wand of acid (4)
Scrolls
 n - 4 scrolls of identify
 u - a scroll of enchant armour {unknown}
 y - a scroll of acquirement {unknown}
 A - a scroll of teleportation
Potions
 i - 2 potions of mutation
 t - 2 potions of curing
 z - a potion of haste {unknown}
Miscellaneous
 e - a piece from Xom's chessboard (11/15)


   Skills:
 - Level 3.0 Fighting
 + Level 3.3 Short Blades
 - Level 3.0 Armour
 - Level 0.8 Dodging
 + Level 2.7 Stealth
 - Level 3.2 Unarmed Combat
 + Level 2.8 Spellcasting
 - Level 3.0 Air Magic
 - Level 3.0 Poison Magic
 + Level 5.8 Evocations


You had 10 spell levels left.
You knew the following spells:

 Your Spells              Type           Power      Damage    Failure   Level
a - Poisonous Vapours     Pois/Air       38%        N/A       4%          2

Your spell library contained the following spells:

 Spells                   Type           Power      Damage    Failure   Level
 Sting                    Tmut/Pois      44%        1d5       6%          1
 Beastly Appendage        Tmut           6%         N/A       12%         1
 Wereblood                Tmut           3%         N/A       17%         2
 Spider Form              Tmut/Pois      11%        N/A       19%         3
 Olgreb's Toxic Radiance  Pois           19%        N/A       32%         4
 Inner Flame              Hex/Fire       3%         N/A       34%         3
 Hailstorm                Conj/Ice       3%         3d3       75%         4
 Freezing Cloud           Conj/Ice/Air   4%         6-21      91%         5
 Metabolic Englaciation   Hex/Ice        1%         N/A       97%         5
 Simulacrum               Ice/Necr       1%         N/A       100%        6
 Polar Vortex             Ice            1%         N/A       100%        9


Dungeon Overview and Level Annotations

Branches:
Dungeon (6/15)
 Temple: D:4-7

Shops:
D:5 =

Annotations:
D:5 2 transporters, bobregger's ghost, novice OgBe


Innate Abilities, Weirdness & Mutations

You have an increased reservoir of magic. (+10% MP)
You shall have no god before yourself.
Your divine heritage dramatically boosts your attributes as you level up.


Message History

There is a stone staircase leading down here.
Unknown command.
Okay, then.
It was a potion of curing.
You feel better. The water moccasin closely misses you.
As you read the scroll of teleportation, it crumbles to dust.
You feel strangely unstable. The water moccasin barely misses you.
Your surroundings seem slightly different.
Aiming: Corrosive Bolt
Press: ? - help, Shift-Dir - straight line, f - water moccasin
Aim: a water moccasin (lightly wounded, slow, 57% to hit)
The bolt of acid hits the water moccasin!
The acid corrodes the water moccasin!
The water moccasin is severely wounded.
Unknown command.
You make a move on Xom's chessboard...
The water moccasin seems to slow down.
Unknown command.
You barely miss the water moccasin.
The water moccasin is severely wounded.
The water moccasin bites you.
* * * LOW HITPOINT WARNING * * *
You miss the water moccasin.
The water moccasin is severely wounded.
The water moccasin bites you.
* * * LOW HITPOINT WARNING * * *
You barely miss the water moccasin.
The water moccasin is severely wounded.
The water moccasin closely misses you.
You hit the water moccasin.
The water moccasin is severely wounded.
The water moccasin bites you!
* * * LOW HITPOINT WARNING * * *
You are lethally poisoned!
The water moccasin poisons you!
Unknown command.
Aiming: Corrosive Bolt
Press: ? - help, Shift-Dir - straight line, f/p - water moccasin
Aim: a water moccasin (severely wounded, slow, covered in acid, 57% to hit)
The bolt of acid misses the water moccasin.
You die...

..####......#.....#.#......##.#..
.#####..##.#......#........##.#..
.##..........##.#.##......###.#..
.##.##.##...>##.#.##.#.#.####....
.#..#..##.......#.##...........##
..........##.#.......###..###..#
....................#####..##..#
#........###....S#....# ##.....##
.........# ##..#@#.##.#####>...#.
...[.....# ##.#..)##...<........
.......### #.##..######........
.......#######......# ##........
....................####.........
.......#########....##...#.......
.......#### ##......####..[#..
..........########.##.....#####..
......###......###.#......# ###


You could see a water moccasin (slow, corroded).

Vanquished Creatures
  Pikel (D:6)
  Grinder (D:3)
  2 black bears
  An ice beast (D:4)
  2 ogres (D:4)
  2 scorpions (D:4)
  A bullfrog zombie (D:5)
  A jelly (D:6)
  2 gnoll shamans
  A centaur skeleton (D:5)
  2 iguanas
  A killer bee zombie (D:5)
  A howler monkey zombie (D:5)
  5 gnolls
  2 adders
  A white imp (D:5)
  A worm (D:3)
  A dart slug (D:4)
  3 orcs
  6 ball pythons
  5 bats
  9 endoplasms
  5 giant cockroaches
  8 goblins
  5 hobgoblins
  3 jackals
  2 quokkas
  2 frilled lizards
  6 kobolds
  5 rats
87 creatures vanquished.

Vanquished Creatures (collateral kills)
  A gnoll (D:2)
  A jackal (D:1)
  A ball python (D:1)
3 creatures vanquished.

Vanquished Creatures (others)
  A gnoll (D:2)
  A hobgoblin (D:1)
  A jackal (D:1)
3 creatures vanquished.

Grand Total: 93 creatures vanquished

Notes
Turn   | Place    | Note
-------+----------+-------------------------------------------
     0 | D:1      | pkoi the Demigod Artificer began the quest for the Orb.
     0 | D:1      | Reached XP level 1. HP: 15/15 MP: 3/3
   145 | D:1      | Reached skill level 3 in Evocations
   168 | D:1      | Reached skill level 1 in Unarmed Combat
   398 | D:1      | Reached XP level 2. HP: 17/22 MP: 4/4
  1529 | D:2      | Reached XP level 3. HP: 27/27 MP: 5/5
  2682 | D:3      | Learned a level 2 spell: Poisonous Vapours
  2970 | D:3      | Reached XP level 4. HP: 34/34 MP: 6/6
  3095 | D:3      | Got Veitwaur's Reference Book on Execration and Attacks
  3154 | D:3      | Reached skill level 1 in Fighting
  3315 | D:3      | Noticed Grinder
  3334 | D:3      | Paralysed by Grinder for 5 turns
  3341 | D:3      | Killed Grinder
  3342 | D:3      | Reached skill level 1 in Spellcasting
  3342 | D:3      | Reached skill level 1 in Air Magic
  3342 | D:3      | Reached skill level 1 in Poison Magic
  3342 | D:3      | Reached skill level 4 in Evocations
  3342 | D:3      | Reached XP level 5. HP: 41/41 MP: 6/9
  4405 | D:4      | Noticed a black bear
  4431 | D:4      | Killed a black bear
  4432 | D:4      | Reached XP level 6. HP: 8/48 MP: 10/10
  8012 | D:4      | HP: 1/48 [gnoll shaman/+0 club (10)]
  8027 | D:4      | Reached XP level 7. HP: 4/55 MP: 6/12
  8523 | D:4      | Reached skill level 1 in Stealth
  8823 | D:5      | Entered Level 5 of the Dungeon
  9072 | D:5      | Found a transporter.
  9076 | D:5      | Noticed bobregger's ghost (novice OgBe)
 10738 | D:4      | Reached skill level 1 in Short Blades
 12264 | D:5      | Found a transporter.
 12373 | D:5      | Found Bayv's Jewellery Shoppe.
 12813 | D:6      | Noticed Pikel
 12846 | D:6      | Killed Pikel
 12847 | D:6      | Reached skill level 5 in Evocations
 12847 | D:6      | Reached XP level 8. HP: 30/63 MP: 5/15
 13161 | D:5      | Succumbed to a water moccasin's poison

Illustrated notes

Levels and vault maps discovered:
D:1:      beargit_arrival_diablo_church, layout_loops_ring,
          shapermc_ecumenical_altar_mp_vishouse, minmay_close_crescents
D:2:      layout_rooms, grunt_ministairs_15, minmay_misc_feat_diagonals
D:3:      layout_rooms, lemuel_old_faithful, uniq_grinder
D:4:      layout_gridville, minmay_manual_mullet
D:5:      layout_rooms, gammafunk_ghost_stat_death, serial_shops,
          kennysheep_little_box
D:6:      layout_loops_ring, serial_park_tiny_pond, uniq_prince_ribbit1,
          uniq_pikel

Skill      XL: |  1  2  3  4  5  6  7 |
---------------+----------------------+-----
Evocations     | 3 4 5 |  5.8
Unarmed Combat | 1 2 3 |  3.2
Fighting       | 1 2 3 |  3.0
Armour         | 2 3 |  3.0
Spellcasting   | 1 2 |  2.8
Air Magic      | 1 2 3 |  3.0
Poison Magic   | 1 3 |  3.0
Stealth        | 2 |  2.7
Short Blades   | 3 |  3.3
Dodging        | |  0.8

Action                   |  1- 3 |  4- 6 |  7- 9 || total
-------------------------+-------+-------+-------++-------
Melee: Club              |    27 |       |       ||    27
       Whip              |   111 |   104 |       ||   215
       Punch             |     2 |     5 |     4 ||    11
       Short sword       |       |       |   148 ||   148
Throw: Boomerang         |    29 |    13 |       ||    42
       Dart              |       |     4 |       ||     4
 Cast: Poisonous Vapours |       |    41 |    20 ||    61
Evoke: Wand              |     7 |    12 |     8 ||    27
       Piece from Xom's  |       |     9 |     8 ||    17
  Use: Scroll            |     3 |     2 |     2 ||     7
       Potion            |     1 |     3 |     1 ||     5
 Stab: Distracted        |     1 |       |       ||     1
       Sleeping          |     1 |       |       ||     1
       Paralysed         |       |    12 |       ||    12
       Confused          |       |       |     2 ||     2
Armor: Leather armour    |    20 |       |     6 ||    26
       Ring mail         |    34 |    18 |       ||    52
       Chain mail        |       |    33 |    63 ||    96
       Robe              |       |     5 |    10 ||    15
Dodge: Dodged            |    89 |    66 |   112 ||   267
